[Event "Titled Tuesday Blitz February 14 Early 2023"]
[White "Kulkarni, Vikramaditya"]
[Black "Ruge, Edison"]
[WhiteFideId "5009847"]
[BlackFideId "4401000"]
[WhiteElo "2251"]
[BlackElo "2201"]
[Result "1-0"]
[Round "08"]
[TimeControl "180+2"]
[Date "2023.02.14"]
[WhiteClock "0:00:02"]
[BlackClock "0:00:21"]

1. d4 d5 2. c4 e5 3. dxe5 d4 4. Nf3 Nc6 5. a3 Bg4 6. Nbd2 a5 7. h3 Bh5 8. g4 Bg6 9. Bg2 a4 10. b4 axb3 11. Nxb3 d3 12. Bb2 dxe2 13. Qxd8+ Rxd8 14. Nbd4 Na5 15. Nd2 Bd3 16. Rc1 Bc5 17. N4b3 Nxb3 18. Nxb3 Ba7 19. Bxb7 Ne7 20. Rc3 O-O 21. Rg1 Bxc4 22. Rxc4 Rd1+ 23. Kxe2 Rxg1 24. Rxc7 Ng6 25. Ba6 Rb1 26. Rc2 Nf4+ 27. Kf3 Nxh3 28. Nd2 Re1 29. Rc7 Nxf2 30. Rxa7 Nd3 31. Bxd3 Rd8 32. Bc4 h5 33. e6 fxe6 34. Rxg7+ Kf8 35. Ne4 Rb1 36. Bf6 Ra8 37. Ng5 Rxa3+ 38. Ke4 Re1+ 39. Kd4 e5+ 40. Kc5 Ke8 41. Ne6 Ra5+ 42. Kb6 Rb1+ 43. Kxa5 Ra1+ 44. Kb6 Rb1+ 45. Bb5+ 1-0


[Site "https://www.chess.com"]

[Event "Titled Tuesday Blitz February 14 Early 2023"]
[White "Zampronha, Wladimir Camilo"]
[Black "Fiorito, Joaquin"]
[WhiteFideId "2103087"]
[BlackFideId "180173"]
[WhiteElo "2176"]
[BlackElo "2405"]
[Result "0-1"]
[Round "08"]
[TimeControl "180+2"]
[Date "2023.02.14"]
[WhiteClock "0:00:03"]
[BlackClock "0:00:14"]

1. e4 c6 2. d4 d5 3. e5 Bf5 4. Nf3 e6 5. Be2 c5 6. O-O Ne7 7. dxc5 Nd7 8. c4 dxc4 9. Qa4 Nc6 10. Qxc4 Nxc5 11. Rd1 Qc7 12. Be3 Nd7 13. Nc3 a6 14. Ne4 Ndxe5 15. Nxe5 Qxe5 16. Bf3 Be7 17. Bf4 Qb5 18. Qxb5 axb5 19. Nd6+ Bxd6 20. Bxd6 Rd8 21. Rac1 Rc8 22. Bc5 e5 23. Be2 f6 24. Bxb5 Be6 25. a3 Kf7 26. Be3 h6 27. f3 g5 28. Kf2 f5 29. Bc4 Bxc4 30. Rxc4 Ke6 31. Rc2 f4 32. Bb6 h5 33. Rcd2 Kf5 34. Rd7 Rhf8 35. Rxb7 g4 36. Rh7 Rb8 37. Bc5 Rxb2+ 38. Kf1 Rc8 39. Rdd7 Ne7 40. Rdxe7 Rxc5 41. Ref7+ Kg5 42. Rfg7+ Kf6 43. Rf7+ Ke6 44. Re7+ Kd5 45. Rd7+ Kc4 0-1


[Site "https://www.chess.com"]

[Event "Titled Tuesday Blitz February 14 Early 2023"]
[White "Fajdetic, Hrvoje"]
[Black "Marosi, Levente"]
[WhiteFideId "14501945"]
[BlackFideId "747181"]
[WhiteElo "2151"]
[BlackElo "2303"]
[Result "0-1"]
[Round "08"]
[TimeControl "180+2"]
[Date "2023.02.14"]
[WhiteClock "0:00:01"]
[BlackClock "0:00:05"]

1. f4 d6 2. Nf3 g6 3. e4 Bg7 4. d3 c5 5. Be2 Nc6 6. O-O e6 7. Qe1 Nge7 8. c3 Bd7 9. Qh4 d5 10. Na3 Qb6 11. Nc2 h6 12. Kh1 Rd8 13. a4 Qb3 14. Bd1 Qb6 15. a5 Nxa5 16. Be3 Nb3 17. Ra3 d4 18. cxd4 cxd4 19. Rxb3 Qxb3 20. Bxd4 Bxd4 21. Ncxd4 Qxd3 22. Re1 Bc6 23. Qf6 Rf8 24. Nxc6 Nxc6 25. Ba4 Qd7 26. Ne5 Qe7 27. Qg7 Qb4 28. Bxc6+ bxc6 29. Rg1 Rd6 30. Ng4 Rd2 31. f5 gxf5 32. Nf6+ Kd8 33. exf5 exf5 34. Qxh6 Qd6 35. Qh4 Kc7 36. Nh7 Rd8 37. Qa4 Kb8 38. Ng5 Rd1 0-1


[Site "https://www.chess.com"]

[Event "Titled Tuesday Blitz February 14 Early 2023"]
[White "Sovetbekova, Nurai"]
[Black "Aarav Dengla"]
[WhiteFideId "13801910"]
[BlackFideId "45059756"]
[WhiteElo "1764"]
[BlackElo "2343"]
[Result "0-1"]
[Round "08"]
[TimeControl "180+2"]
[Date "2023.02.14"]
[WhiteClock "0:00:06"]
[BlackClock "0:00:18"]

1. d4 d5 2. c4 e6 3. Nc3 a6 4. cxd5 exd5 5. Nf3 h6 6. Bf4 Nf6 7. e3 Bd6 8. Bg3 O-O 9. Bd3 Re8 10. O-O Bxg3 11. hxg3 c6 12. Qc2 Nbd7 13. Rad1 b5 14. a3 Bb7 15. e4 dxe4 16. Nxe4 Nxe4 17. Bxe4 Rc8 18. Rfe1 Nf6 19. Bf5 Rc7 20. Ne5 Qd5 21. b4 c5 22. Nf3 Rxe1+ 23. Rxe1 c4 24. Re5 Qd6 25. Rc5 Re7 26. Qd2 Nd5 27. Ne5 Nb6 28. Nf3 Nd5 29. Bc8 Bxc8 30. Rxc8+ Kh7 31. Qc2+ g6 32. Ne5 Qf6 33. Rf8 Kg7 34. Nxg6 Qxg6 35. Qxg6+ fxg6 36. Rd8 c3 37. Rxd5 c2 38. Rc5 Re1+ 39. Kh2 c1=Q 0-1


[Site "https://www.chess.com"]

[Event "Titled Tuesday Blitz February 14 Early 2023"]
[White "Gedgafov, Chamal"]
[Black "Miszler, Levente"]
[WhiteFideId "34130621"]
[BlackFideId "763276"]
[WhiteElo "2118"]
[BlackElo "2271"]
[Result "0-1"]
[Round "08"]
[TimeControl "180+2"]
[Date "2023.02.14"]
[WhiteClock "0:01:18"]
[BlackClock "0:01:29"]

1. d4 Nf6 2. c4 e5 3. dxe5 Ng4 4. Bf4 g5 5. Bg3 Bg7 6. Nf3 Nc6 7. Nc3 Ngxe5 8. Nxe5 Nxe5 9. e3 d6 10. Qc2 h5 11. h3 h4 12. Bh2 Be6 13. b3 Nc6 14. Rd1 Nb4 15. Qd2 O-O 16. Nd5 Nxd5 17. cxd5 Bf5 18. f3 Rc8 19. e4 Bg6 20. Bg1 f5 21. Bd4 fxe4 22. Bxg7 Kxg7 23. fxe4 Qe7 24. Qd4+ Kh6 25. Bd3 Rce8 26. Rd2 Bxe4 27. Re2 Rf4 28. Rf1 Bxd3 29. Qxd3 Rxf1+ 30. Kxf1 Qxe2+ 31. Qxe2 Rxe2 32. Kxe2 Kg6 33. Ke3 Kf5 34. Kf3 c6 35. dxc6 bxc6 36. b4 d5 37. a4 d4 38. b5 cxb5 39. axb5 Ke5 0-1


[Site "https://www.chess.com"]

[Event "Titled Tuesday Blitz February 14 Early 2023"]
[White "Avazkhonov, Alikhon"]
[Black "Colijn, Stefan"]
[WhiteFideId "14208504"]
[BlackFideId "1016199"]
[WhiteElo "1538"]
[BlackElo "2293"]
[Result "0-1"]
[Round "08"]
[TimeControl "180+2"]
[Date "2023.02.14"]
[WhiteClock "0:00:22"]
[BlackClock "0:00:05"]

1. d4 Nf6 2. c4 e6 3. Nc3 Bb4 4. e3 Bxc3+ 5. bxc3 d6 6. Bd3 O-O 7. Nf3 c5 8. O-O b6 9. e4 Nc6 10. Re1 e5 11. Nd2 cxd4 12. cxd4 Nxd4 13. Nf1 Be6 14. Ne3 Nd7 15. Bb2 Nc6 16. Rc1 Rc8 17. Bb1 Nc5 18. Nd5 Bd7 19. f4 Ne6 20. f5 Ned4 21. f6 Be6 22. Qd2 Kh8 23. Rf1 Rg8 24. Rc3 gxf6 25. Nxf6 Rg6 26. Nd5 Qg5 27. Qf2 Rcg8 28. Rg3 Qh4 29. Nf6 Rxg3 30. Nxg8 Nf3+ 31. Qxf3 Rxf3 32. Rxf3 Kxg8 33. Rg3+ Kf8 34. Ba3 Ke7 35. Bd3 Nd4 36. Re3 Qf4 37. Re1 Qd2 0-1


[Site "https://www.chess.com"]

[Event "Titled Tuesday Blitz February 14 Early 2023"]
[White "Kielinkei"]
[Black "Schut, Han"]
[BlackFideId "1005561"]
[WhiteElo "2360"]
[BlackElo "2101"]
[Result "1-0"]
[Round "08"]
[TimeControl "180+2"]
[Date "2023.02.14"]
[WhiteClock "0:00:32"]
[BlackClock "0:00:03"]

1. e4 c5 2. c3 g6 3. d4 cxd4 4. cxd4 d5 5. e5 Nc6 6. h3 Nh6 7. Nc3 Bg7 8. Nf3 O-O 9. Be2 f6 10. exf6 exf6 11. O-O Be6 12. Re1 Bf7 13. Bf1 Nf5 14. Na4 Re8 15. Rxe8+ Qxe8 16. Nc5 b6 17. Nb3 a5 18. a4 Rc8 19. Bb5 Nd6 20. Bd3 Nb4 21. Bb1 Nc4 22. Nbd2 f5 23. Nxc4 dxc4 24. Bf4 Bd5 25. Ne5 Qd8 26. Qd2 Be4 27. Bg3 Bxb1 28. Rxb1 Bxe5 29. Bxe5 Nd3 30. Qe3 Qd5 31. b3 Nxe5 32. dxe5 cxb3 33. Rxb3 Re8 34. Rb5 Qd1+ 35. Kh2 Qxa4 36. Rxb6 Qe4 37. Qb3+ Kg7 38. Rb7+ Kh6 39. Qf7 Qxe5+ 40. g3 1-0


[Site "https://www.chess.com"]

[Event "Titled Tuesday Blitz February 14 Early 2023"]
[White "Hrabinska, Myroslava"]
[Black "Harriott, Tyrell"]
[WhiteFideId "14109190"]
[BlackFideId "2086484"]
[WhiteElo "2210"]
[BlackElo "1889"]
[Result "0-1"]
[Round "08"]
[TimeControl "180+2"]
[Date "2023.02.14"]
[WhiteClock "0:00:01"]
[BlackClock "0:00:10"]

1. e4 d6 2. d4 Nf6 3. Nc3 Nbd7 4. Bg5 e5 5. Nf3 Be7 6. Qd2 c6 7. a4 O-O 8. Bc4 Qc7 9. O-O Re8 10. h3 Nf8 11. Rad1 Ng6 12. Rfe1 Nh5 13. Bxe7 Qxe7 14. Ne2 Nhf4 15. Ng3 Qf6 16. dxe5 dxe5 17. Qb4 Nxh3+ 18. Kf1 Bg4 19. Rd6 Qf4 20. Ne2 Qh6 21. Qxb7 Rf8 22. Rd7 Bxd7 23. Qxd7 Nhf4 24. Ng3 Rac8 25. Kg1 Nh4 26. Bxf7+ Kh8 27. Nxh4 Qxh4 28. Be6 Rfd8 29. Qf7 Rf8 30. Qd7 Rcd8 31. Qxc6 Rf6 32. Nf5 Qg5 33. g3 Rxe6 34. Qc7 Ree8 35. Qxa7 Ne6 36. a5 Nd4 37. Kg2 Nxf5 38. exf5 Qxf5 39. a6 e4 40. Re3 Rf8 41. Ra3 Qf3+ 42. Rxf3 exf3+ 43. Kh3 Rd6 44. Qc5 Rh6+ 45. Kg4 Rg6+ 46. Kh4 Rgf6 47. a7 Ra8 48. g4 Rf7 49. Kg3 Rfxa7 50. Kxf3 h6 51. Kg2 Rf7 52. b4 Raf8 53. b5 Rb8 54. b6 Rfb7 55. Qd4 Rxb6 56. g5 Rg6 57. f4 Rc8 58. Qe4 Rgc6 0-1


[Site "https://www.chess.com"]

[Event "Titled Tuesday Blitz February 14 Early 2023"]
[White "Ipek, Egehan"]
[Black "EdmundPlayer"]
[WhiteFideId "44523793"]
[WhiteElo "2308"]
[BlackElo "2246"]
[Result "1-0"]
[Round "08"]
[TimeControl "180+2"]
[Date "2023.02.14"]
[WhiteClock "0:00:03"]
[BlackClock "0:00:01"]

1. d4 Nf6 2. c4 g6 3. Nc3 d5 4. cxd5 Nxd5 5. e4 Nxc3 6. bxc3 Bg7 7. Nf3 c5 8. Be3 Qa5 9. Qd2 O-O 10. Rc1 Rd8 11. d5 e6 12. Bg5 f6 13. Be3 exd5 14. exd5 Bg4 15. Be2 Nd7 16. c4 Qa6 17. O-O g5 18. Ne1 Bf5 19. f4 g4 20. Bd3 Bg6 21. f5 Bh5 22. Qf2 b6 23. g3 Ne5 24. Bf4 Re8 25. Bb1 Rad8 26. Bxe5 Rxe5 27. Nd3 Re7 28. Nf4 Bf7 29. Ne6 Rde8 30. Qf4 h5 31. Rce1 Qa4 32. Re2 a6 33. Rfe1 Qa3 34. Re3 Qb2 35. Qf2 Qxf2+ 36. Kxf2 Bh6 37. Re4 Bf8 38. R1e2 1-0


[Site "https://www.chess.com"]

[Event "Titled Tuesday Blitz February 14 Early 2023"]
[White "Manon-og, Ramon Jr."]
[Black "Mendez Machado, Andre"]
[WhiteFideId "5200776"]
[BlackFideId "6603793"]
[WhiteElo "1999"]
[BlackElo "1974"]
[Result "1-0"]
[Round "08"]
[TimeControl "180+2"]
[Date "2023.02.14"]
[WhiteClock "0:00:06"]
[BlackClock "0:00:08"]

1. e4 e5 2. Nf3 Nc6 3. Bc4 Bc5 4. c3 Nf6 5. d4 exd4 6. e5 d5 7. Bb5 Ne4 8. cxd4 Bb6 9. Nc3 O-O 10. O-O Bg4 11. Be3 Ne7 12. Qc2 f5 13. exf6 Nxf6 14. Ne5 Bf5 15. Bd3 Bxd3 16. Qxd3 Nd7 17. f4 c6 18. Rae1 Nf5 19. Rf3 Nxe3 20. Rexe3 Nf6 21. Rh3 c5 22. Reg3 cxd4 23. Na4 Ne4 24. Rf3 Rc8 25. Rf1 Qc7 26. Nxb6 Qxb6 27. Nd7 Qxb2 28. Nxf8 Rxf8 29. Rhf3 Rc8 30. Qa3 Qd2 31. Rd3 Qe2 32. Qe7 Qxd3 33. Qe6+ Kf8 34. Qxc8+ Kf7 35. Qd7+ Kf6 36. Qd8+ Kf7 37. Qxd5+ Kf6 38. Qe5+ Kf7 39. Qf5+ Kg8 40. Qc8+ Kf7 41. Qxb7+ Kf6 42. Qc6+ Kf7 43. Qd7+ Kf6 44. Qc6+ Kf7 45. Qc1 Nc3 46. Qd1 Qe3+ 47. Kh1 d3 48. Qb3+ Kf6 49. Qxc3+ Kf7 50. Re1 d2 51. Qxe3 1-0


[Site "https://www.chess.com"]

[Event "Titled Tuesday Blitz February 14 Early 2023"]
[White "Buscar, Michael"]
[Black "Ardila, Oscar Humberto"]
[WhiteFideId "2603616"]
[BlackFideId "4404742"]
[WhiteElo "2041"]
[BlackElo "1982"]
[Result "0-1"]
[Round "08"]
[TimeControl "180+2"]
[Date "2023.02.14"]
[WhiteClock "0:00:01"]
[BlackClock "0:00:02"]

1. e4 e5 2. Nf3 Nf6 3. d4 Nxe4 4. dxe5 d5 5. Bd3 Nc5 6. Be2 Be7 7. O-O O-O 8. c3 Bf5 9. Na3 c6 10. Nc2 Nbd7 11. Ncd4 Bg6 12. Bf4 Ne6 13. Be3 Qc7 14. c4 Nxe5 15. cxd5 cxd5 16. Nb5 Nxf3+ 17. Bxf3 Qe5 18. Qxd5 Bf6 19. Nxa7 Qxb2 20. Rad1 Rfd8 21. Qxb7 Rdb8 22. Qxa8 Rxa8 23. Bxa8 Qxa2 24. Bf3 h5 25. Nc6 Bg5 26. Bxg5 Nxg5 27. Ne7+ Kh7 28. Bd5 Qa7 29. Nxg6 fxg6 30. g3 Kh6 31. Bg2 h4 32. gxh4 Nh7 33. Rd3 Qa4 34. Rfd1 Nf6 35. Rd4 Qc2 36. Bf3 Qc7 37. Kg2 Qe5 38. R1d2 Qf5 39. Rd8 Kh7 40. R8d6 Qf4 41. R6d4 Qe5 42. R4d3 Qf5 43. Rd4 Qe5 44. R4d3 Qc7 45. Rd4 Kh6 46. Rd8 Kh7 47. R8d4 Qa5 48. Re2 Qf5 49. Red2 Qc8 50. Rd8 Qc4 51. R8d4 Qb5 52. Rd1 Qb8 53. R1d2 Qa7 54. Rd8 Qa4 55. R8d4 Qb3 56. R4d3 Qb1 57. Rd4 Qb6 58. Rd6 Qc5 59. R6d4 Qf5 60. Rd8 Qf4 61. R8d4 Qf5 62. Re2 Qc8 63. Re7 Qf5 64. Re3 Qc5 65. Rf4 Qc7 66. Rd4 Qc5 67. Ra4 Qc7 68. Rb4 Qd6 69. Rb7 Qf4 0-1


[Site "https://www.chess.com"]

[Event "Titled Tuesday Blitz February 14 Early 2023"]
[White "Korpics, Zsolt"]
[Black "Vifleemskaia, Svetlana"]
[WhiteFideId "705241"]
[BlackFideId "4129490"]
[WhiteElo "2300"]
[BlackElo "1971"]
[Result "1-0"]
[Round "08"]
[TimeControl "180+2"]
[Date "2023.02.14"]
[WhiteClock "0:00:35"]
[BlackClock "0:00:04"]

1. e4 e5 2. Nf3 Nc6 3. d4 exd4 4. Bb5 Nf6 5. O-O d6 6. Nxd4 Bd7 7. Nc3 Nxd4 8. Bxd7+ Qxd7 9. Qxd4 Be7 10. h3 O-O 11. Be3 a6 12. Rad1 Qe6 13. Rfe1 Nd7 14. Nd5 Rfc8 15. f4 Bf6 16. Qd3 c6 17. Nc3 Bxc3 18. Qxc3 Nf6 19. e5 dxe5 20. Bd4 Nd5 21. Qf3 e4 22. Rxe4 Qh6 23. Rde1 Nf6 24. Re7 Kf8 25. Rxb7 Nd5 26. f5 Qd6 27. Qf2 Nf6 28. Bc5 1-0


[Site "https://www.chess.com"]

[Event "Titled Tuesday Blitz February 14 Early 2023"]
[White "Meera, Sai"]
[Black "Weisz, Bryan"]
[WhiteFideId "5004357"]
[BlackFideId "30934133"]
[WhiteElo "2064"]
[BlackElo "1973"]
[Result "0-1"]
[Round "08"]
[TimeControl "180+2"]
[Date "2023.02.14"]
[WhiteClock "0:00:39"]
[BlackClock "0:00:11"]

1. d4 d5 2. Nc3 Nf6 3. Bf4 Na6 4. e3 c5 5. Nf3 cxd4 6. exd4 Nc7 7. Ne5 Bf5 8. Bd3 Bxd3 9. Qxd3 e6 10. O-O Bd6 11. Rfe1 O-O 12. h3 Qe7 13. a3 Nd7 14. Qg3 Bxe5 15. dxe5 Rfc8 16. Rad1 Nb6 17. Bg5 Qf8 18. Rd4 Nc4 19. Rg4 Nxb2 20. Bf6 g6 21. Rh4 Ne8 22. Rb1 Nxf6 23. exf6 Qxa3 24. Qg5 Qxc3 25. Rd1 Nxd1 26. Qh6 Qxf6 27. Qxh7+ Kf8 28. Kh1 Nxf2+ 29. Kh2 Ne4 30. Qh6+ Ke7 31. Rf4 Qe5 32. Kh1 Rxc2 33. Rf3 Rac8 34. Qh4+ g5 35. Qh8 Rc1+ 0-1


[Site "https://www.chess.com"]

[Event "Titled Tuesday Blitz February 14 Early 2023"]
[White "Clawitter, Craig"]
[Black "Fernandez Siles, Luis"]
[WhiteFideId "2023105"]
[BlackFideId "2209420"]
[WhiteElo "2050"]
[BlackElo "2218"]
[Result "0-1"]
[Round "08"]
[TimeControl "180+2"]
[Date "2023.02.14"]
[WhiteClock "0:00:26"]
[BlackClock "0:00:30"]

1. e4 c5 2. Nf3 Nc6 3. d4 cxd4 4. Nxd4 Nf6 5. Nc3 e5 6. Ndb5 d6 7. Bg5 a6 8. Na3 b5 9. Bxf6 gxf6 10. Nd5 f5 11. Bd3 Be6 12. O-O Bg7 13. Qh5 f4 14. c4 O-O 15. cxb5 Nd4 16. bxa6 Bxd5 17. exd5 f5 18. Nc2 e4 19. Nxd4 Bxd4 20. Bc4 Kh8 21. Rad1 Bb6 22. Kh1 Ra7 23. Rc1 Rg7 24. Rc3 Rfg8 25. Rh3 Qe7 26. g3 f3 27. Qxf5 Rf8 28. Qh5 e3 29. fxe3 Qxe3 30. g4 Qe4 31. Bd3 Qxd3 0-1


[Site "https://www.chess.com"]

[Event "Titled Tuesday Blitz February 14 Early 2023"]
[White "SicilianPanzer"]
[Black "Jiganchine, Roman"]
[BlackFideId "2603667"]
[WhiteElo "2240"]
[BlackElo "2205"]
[Result "1-0"]
[Round "08"]
[TimeControl "180+2"]
[Date "2023.02.14"]
[WhiteClock "0:00:03"]
[BlackClock "0:00:02"]

1. e4 c6 2. d4 d5 3. Nd2 dxe4 4. Nxe4 Nf6 5. Nxf6+ exf6 6. c3 Bd6 7. Bd3 Na6 8. Qh5 Nc7 9. Ne2 Be6 10. O-O g6 11. Qh6 Bf8 12. Qh4 Be7 13. Nf4 O-O 14. Nxe6 fxe6 15. Bh6 Re8 16. Rfe1 f5 17. Qg3 Bf6 18. Re2 Qd7 19. Rae1 b5 20. h4 Rad8 21. h5 Kf7 22. Bg5 Bxg5 23. Qxg5 Qe7 24. Qh6 Qf8 25. Qxh7+ Qg7 26. hxg6+ Kf6 27. Qxg7+ Kxg7 28. f3 Kxg6 29. g4 Kf6 30. gxf5 exf5 31. Re5 Rxe5 32. Rxe5 Rd5 33. f4 Ne6 34. Rxd5 cxd5 35. Bxb5 Nxf4 36. Kf2 Ne6 37. Bc6 Nc7 38. b4 Kg5 39. a4 Kf6 40. a5 a6 41. Ke3 Ke6 42. Kf4 Kd6 43. Ba4 Ke6 44. Bc2 Nb5 45. Bxf5+ Kd6 46. Bd3 Nxc3 47. Bxa6 Na2 48. b5 Nb4 49. Bb7 Nc2 50. a6 Kc7 51. Bxd5 Kb6 52. Ke5 Ne3 53. Be4 Nc4+ 54. Ke6 Na3 55. d5 Nxb5 56. Bd3 Nc7+ 57. Kd6 Na8 58. Kd7 Nc7 59. d6 Nd5 60. Ke6 Nb4 61. d7 Nc6 62. Kd6 Nd8 63. Ke7 Nc6+ 64. Ke8 Ne5 65. d8=Q+ Ka7 66. Qe7+ Kb6 67. Qxe5 1-0


[Site "https://www.chess.com"]

[Event "Titled Tuesday Blitz February 14 Early 2023"]
[White "lisjakzlatko1"]
[Black "Dong, Khanh Linh"]
[BlackFideId "12403040"]
[WhiteElo "2220"]
[BlackElo "1900"]
[Result "1-0"]
[Round "08"]
[TimeControl "180+2"]
[Date "2023.02.14"]
[WhiteClock "0:00:27"]
[BlackClock "0:00:05"]

1. e4 c5 2. b4 b6 3. bxc5 bxc5 4. Bc4 Bb7 5. Qe2 Nf6 6. Nc3 g6 7. Rb1 Bc6 8. Nf3 Bg7 9. e5 Nh5 10. d3 Qa5 11. Bd2 Nf4 12. Bxf4 Qxc3+ 13. Bd2 Qxc2 14. O-O Qa4 15. d4 cxd4 16. Nxd4 O-O 17. Rfc1 Na6 18. Nxc6 dxc6 19. Bxa6 Qxa2 20. Bc4 Qa3 21. e6 f5 22. Bb4 Qa4 23. Bxe7 Rfe8 24. Bd6 Rad8 25. e7+ Qxc4 26. Qxc4+ 1-0


[Site "https://www.chess.com"]

[Event "Titled Tuesday Blitz February 14 Early 2023"]
[White "Skaric, Djuro"]
[Black "Cramling Bellon, Anna"]
[WhiteFideId "934569"]
[BlackFideId "32009232"]
[WhiteElo "2334"]
[BlackElo "2043"]
[Result "1-0"]
[Round "08"]
[TimeControl "180+2"]
[Date "2023.02.14"]
[WhiteClock "0:02:17"]
[BlackClock "0:00:05"]

1. g3 d5 2. Bg2 c5 3. d3 Nc6 4. Nf3 e5 5. O-O Nf6 6. Nc3 Be7 7. e4 d4 8. Ne2 O-O 9. h3 h6 10. Ne1 Be6 11. f4 exf4 12. gxf4 Bc8 13. Ng3 Qc7 14. e5 Ne8 15. Qh5 Kh7 16. Be4+ g6 17. Kh2 Kg7 18. Qe2 Qd7 19. Qg2 Bh4 20. Rg1 Nc7 21. Nf5+ Kh7 22. Nxh4 Ne7 23. Bd2 Ncd5 24. Nef3 Ne3 25. Bxe3 dxe3 26. c3 Nd5 27. Bxd5 Qxd5 28. Ng5+ hxg5 29. Qxd5 gxh4 30. Qxc5 1-0


[Site "https://www.chess.com"]

[Event "Titled Tuesday Blitz February 14 Early 2023"]
[White "Vaglio Munoz, Jaime"]
[Black "Nugumanov, Bakhtiyar"]
[WhiteFideId "6500145"]
[BlackFideId "13701797"]
[WhiteElo "2174"]
[BlackElo "2316"]
[Result "0-1"]
[Round "08"]
[TimeControl "180+2"]
[Date "2023.02.14"]
[WhiteClock "0:00:43"]
[BlackClock "0:00:13"]

1. d4 d6 2. e4 Nf6 3. Bd3 e5 4. d5 c6 5. c4 Be7 6. Nc3 O-O 7. h3 cxd5 8. cxd5 Nbd7 9. g4 Nc5 10. Bc2 h6 11. Nge2 Nh7 12. Ng3 Bg5 13. Nf5 Bxf5 14. gxf5 Rc8 15. Qg4 Bxc1 16. Rxc1 Qg5 17. Qxg5 Nxg5 18. h4 Ngxe4 19. Nxe4 Nxe4 20. Ke2 Nf6 21. Bb3 Rfd8 22. f3 Kf8 23. Kd3 Rc5 24. Rhd1 Nxd5 25. Bxd5 Rxd5+ 26. Ke2 Rxd1 27. Kxd1 Ke7 28. Kd2 d5 29. Ke3 Rd7 30. f4 e4 31. Kd4 Kf6 32. Rg1 Kxf5 33. Rxg7 Kxf4 34. Rh7 e3 35. Rxh6 e2 36. Rf6+ Kg3 37. Rf5 e1=Q 38. Rg5+ Kxh4 39. Re5 Qd2+ 40. Kc5 Qxb2 41. Rf5 Qa3+ 42. Kd4 Qb4+ 43. Ke5 Qe4+ 44. Kf6 Rd6+ 45. Kg7 Qxf5 46. a4 Rg6+ 47. Kf8 Qc8+ 48. Ke7 Re6+ 49. Kxf7 Qe8+ 50. Kg7 Qe7+ 51. Kh8 Rh6+ 52. Kg8 Qe6+ 53. Kg7 Rg6+ 54. Kh7 Qg8# 0-1


[Site "https://www.chess.com"]

[Event "Titled Tuesday Blitz February 14 Early 2023"]
[White "Wilson, Elvin"]
[Black "Sabar, Ethmane Daouda"]
[WhiteFideId "2014874"]
[BlackFideId "19600097"]
[WhiteElo "2183"]
[BlackElo "2040"]
[Result "1-0"]
[Round "08"]
[TimeControl "180+2"]
[Date "2023.02.14"]
[WhiteClock "0:00:20"]
[BlackClock "0:00:03"]

1. c4 e5 2. Nc3 Nf6 3. g3 d5 4. cxd5 Nxd5 5. Bg2 Nxc3 6. bxc3 Nc6 7. d3 Be7 8. Nf3 O-O 9. Rb1 Rb8 10. O-O f5 11. Nd2 Be6 12. Qa4 Bd5 13. Bxd5+ Qxd5 14. Qc4 Qxc4 15. Nxc4 f4 16. Nd2 b6 17. Kg2 Rbd8 18. a4 a5 19. Rb5 h6 20. Nf3 fxg3 21. hxg3 Bf6 22. Ba3 Rfe8 23. Nd2 g6 24. Ne4 Bg7 25. Rh1 Re6 26. Bc1 g5 27. Be3 Ne7 28. Rhb1 Nd5 29. Bd2 g4 30. c4 Nf6 31. Nxf6+ Rxf6 32. Be3 Re6 33. c5 bxc5 34. Rxc5 e4 35. dxe4 Rxe4 36. Rxc7 Be5 37. Re7 Kf8 38. Rbb7 Rxe3 39. fxe3 Bc3 40. Re4 1-0


[Site "https://www.chess.com"]

[Event "Titled Tuesday Blitz February 14 Early 2023"]
[White "Rios Escobar, Adan"]
[Black "Kohler, Aran"]
[WhiteFideId "3403645"]
[BlackFideId "1002856"]
[WhiteElo "2234"]
[BlackElo "2010"]
[Result "0-1"]
[Round "08"]
[TimeControl "180+2"]
[Date "2023.02.14"]
[WhiteClock "0:00:03"]
[BlackClock "0:00:27"]

1. d4 d5 2. g3 c6 3. c4 Nf6 4. Nf3 dxc4 5. Bg2 Nbd7 6. O-O e6 7. a4 Rb8 8. Bf4 Ra8 9. Na3 Nd5 10. Nxc4 Nxf4 11. gxf4 Be7 12. Qd3 O-O 13. Rfd1 Rb8 14. Rac1 f6 15. f5 Nb6 16. fxe6 Bxe6 17. b3 Nd5 18. e3 Qd7 19. Nh4 g5 20. Nf3 Bf5 21. Qe2 Bb4 22. Qb2 Rbe8 23. Nfd2 Bg6 24. Nf1 Qe7 25. Qa1 Kg7 26. Ng3 h5 27. Nb2 h4 28. Nf1 Nc3 29. Rd2 Ne4 30. Rdc2 g4 31. Nd3 Bd6 32. Qb2 h3 33. Bh1 Ng5 34. Ng3 Bxd3 35. Rd2 Bg6 36. Re1 Bxg3 37. hxg3 Nf3+ 38. Bxf3 gxf3 39. d5 cxd5 40. Rxd5 h2+ 41. Kh1 Qe6 0-1


[Site "https://www.chess.com"]

[Event "Titled Tuesday Blitz February 14 Early 2023"]
[White "Broca Jimenez, Fernando"]
[Black "Levitan, Caleb Levi"]
[WhiteFideId "5104742"]
[BlackFideId "14332620"]
[WhiteElo "2075"]
[BlackElo "2129"]
[Result "0-1"]
[Round "08"]
[TimeControl "180+2"]
[Date "2023.02.14"]
[WhiteClock "0:00:16"]
[BlackClock "0:00:05"]

1. e4 c5 2. c3 Nf6 3. e5 Nd5 4. d4 cxd4 5. Nf3 Nc6 6. Bc4 Nb6 7. Bb3 d6 8. exd6 e6 9. cxd4 Bxd6 10. Nc3 O-O 11. O-O e5 12. Nb5 Nxd4 13. Nfxd4 exd4 14. Qxd4 Bb8 15. Qxd8 Rxd8 16. Bg5 Re8 17. Rfe1 Bd7 18. Nc3 Be5 19. Rad1 Bc6 20. Be3 Nd7 21. Rd2 Nf6 22. h3 a6 23. Red1 g6 24. Bd4 Bxd4 25. Rxd4 Re7 26. Nd5 Nxd5 27. Bxd5 Bxd5 28. Rxd5 Re2 29. R1d2 Rxd2 30. Rxd2 Rc8 31. Kh2 Rc7 32. f4 Kg7 33. g3 Kf6 34. Kg2 Ke6 35. Kf3 f5 36. g4 h5 37. g5 Rc5 38. a3 Rb5 39. b4 Rd5 40. Rd3 Rxd3+ 0-1


[Site "https://www.chess.com"]

[Event "Titled Tuesday Blitz February 14 Early 2023"]
[White "Jenkins, Drake"]
[Black "Larina, Maria"]
[WhiteFideId "2022397"]
[BlackFideId "24113182"]
[WhiteElo "2130"]
[BlackElo "1948"]
[Result "0-1"]
[Round "08"]
[TimeControl "180+2"]
[Date "2023.02.14"]
[WhiteClock "0:00:10"]
[BlackClock "0:00:07"]

1. Nf3 f5 2. g3 Nf6 3. Bg2 g6 4. c4 Bg7 5. O-O d6 6. Nc3 O-O 7. Rb1 e5 8. d3 a5 9. a3 Kh8 10. b4 axb4 11. axb4 h6 12. Bb2 Qe8 13. Ra1 Rxa1 14. Qxa1 Nbd7 15. Nb5 Qd8 16. Qa5 b6 17. Qa7 Ne8 18. Nd2 g5 19. Qa1 Qe7 20. e3 Ndf6 21. Nc3 h5 22. Nd5 Nxd5 23. cxd5 h4 24. Qd1 Rf6 25. f4 g4 26. fxe5 dxe5 27. e4 h3 28. Bh1 f4 29. gxf4 Rxf4 30. b5 Qc5+ 31. d4 Rxf1+ 32. Nxf1 exd4 33. Qd3 Qd6 34. Bxd4 Nf6 35. Ne3 Qf4 36. e5 g3 37. hxg3 Qxg3+ 38. Kf1 Ng4 39. d6 Qf2# 0-1


[Site "https://www.chess.com"]

[Event "Titled Tuesday Blitz February 14 Early 2023"]
[White "Necula, Iulian"]
[Black "Rose, Felix"]
[WhiteFideId "1232380"]
[BlackFideId "5105722"]
[WhiteElo "1851"]
[BlackElo "2091"]
[Result "0-1"]
[Round "08"]
[TimeControl "180+2"]
[Date "2023.02.14"]
[WhiteClock "0:00:24"]
[BlackClock "0:00:23"]

1. d4 d5 2. Nc3 Nf6 3. Bf4 c5 4. e4 Nxe4 5. Nxe4 dxe4 6. dxc5 Qa5+ 7. c3 Qxc5 8. Qa4+ Nc6 9. Qxe4 Bf5 10. Qe3 e5 11. Qxc5 Bxc5 12. Be3 Bxe3 13. fxe3 O-O-O 14. Nf3 f6 15. Bc4 Kc7 16. Kf2 a6 17. Rhd1 Bc2 18. Rdc1 Be4 19. Rd1 b5 20. Be2 Bc2 21. Rdc1 Bd3 22. Rd1 Bxe2 23. Kxe2 Rxd1 24. Rxd1 a5 25. b3 Ra8 26. Rd5 Rb8 27. g4 a4 28. b4 Ne7 29. Rc5+ Kb6 30. g5 Rd8 31. gxf6 gxf6 32. e4 Ng6 33. a3 Nf4+ 34. Ke3 Rd3+ 35. Kf2 Rd1 36. Nh4 Ra1 37. Ke3 Rxa3 38. Nf5 Ra1 39. Rc8 Re1+ 40. Kf2 Re2+ 41. Kf3 Rxh2 42. Rb8+ Ka6 43. Ra8+ Kb7 44. Rf8 Rh3+ 45. Kf2 Rxc3 46. Rxf6 a3 47. Rf7+ Kb8 48. Nd6 a2 49. Nxb5 Rc2+ 50. Ke3 a1=Q 51. Rf8+ Kb7 52. Nd6+ Kc6 53. Rc8+ Kxd6 54. Rxc2 Qd4+ 55. Kf3 Qd3+ 56. Kg4 Qxc2 57. Kf5 Kc6 58. b5+ Kxb5 59. Kxe5 Nd3+ 60. Kd4 Nc5 61. e5 Qe4+ 62. Kc3 Qxe5+ 63. Kc2 Qe4+ 0-1


[Site "https://www.chess.com"]